Map: Thunderbird LE

Players

pHARM - Winner!

  • Race: Zerg Zerg
  • League: Platinum
  • Spawn Location: 11:00

Stygian

  • Race: Zerg Zerg
  • League: Platinum
  • Spawn Location: 5:00

VOD

Have the link to the VOD?

Description

Time

  • Played on: Aug. 25, 2019, 8:45 a.m.
  • Length: 7:03
Show
View Real Time Build Order
Export as new Build Order

pHARM Zerg - Winner!

Build Orders: Hatch First 

Get SALT Encoding   

  12  0:01  Drone  
  13  0:13  Overlord  
  13  0:20  Drone  
  14  0:31  Drone x2  
  16  0:37  Drone  
  17  0:54  Hatchery  
  16  1:00  Drone x2  
  18  1:15  Spawning Pool  
  18  1:17  Drone  
  18  1:27  Drone  
  18  1:29  Drone  
  20  1:41  Extractor  
  20  1:43  Drone  
  20  1:52  Overlord  
  20  2:03  Queen  
  22  2:12  Queen  
  22  2:15  Drone x3  
  27  2:19  Overlord  
  27  2:30  Drone x2  
  27  2:33  Overlord  
  29  2:46  Queen  
  29  2:47  Metabolic Boost  
  31  2:54  Drone x4  
  31  2:56  Queen  
  37  3:13  Drone x6  
  43  3:30  Lair  
  43  3:39  Drone x5  
  48  3:42  Extractor x2  
  48  3:46  Overlord x2  
  46  3:54  Hatchery  
  45  4:07  Roach Warren  
  45  4:08  Evolution Chamber  
  45  4:09  Drone  
  46  4:10  Evolution Chamber, Drone x3  
  47  4:31  Drone x3  
  47  4:35  Zerg Missile Weapons Level 1  
  49  4:42  Overlord  
  49  4:43  Overlord  
  49  4:46  Roach x5  
  59  5:10  Roach  
  59  5:11  Roach x9  
  79  5:22  Roach x3  
  79  5:26  Glial Reconstitution  
  85  5:29  Roach x2  
  89  5:40  Drone  
  89  5:42  Overlord x2  
  90  6:03  Drone x11  
  90  6:04  Drone x4  
  101  6:27  Drone x5  
  101  6:29  Overlord x4  
  106  6:34  Extractor  
  106  6:38  Hydralisk Den  
Show
View Real Time Build Order
Export as new Build Order

Stygian Zerg 

Build Orders: Hatch First 

Get SALT Encoding   

  12  0:01  Drone  
  13  0:09  Drone  
  14  0:17  Overlord  
  14  0:22  Extractor  
  14  0:24  Drone  
  15  0:36  Drone x2  
  17  0:46  Drone  
  18  0:59  Hatchery  
  18  1:02  Drone  
  18  1:06  Extractor  
  17  1:14  Spawning Pool  
  17  1:16  Drone  
  17  1:28  Drone x2  
  19  1:35  Extractor  
  18  1:40  Overlord  
  18  1:49  Drone  
  19  2:01  Queen  
  19  2:04  Zergling x2  
  19  2:07  Metabolic Boost  
  22  2:12  Drone  
  22  2:15  Drone  
  24  2:24  Drone  
  24  2:25  Drone  
  26  2:35  Drone  
  27  2:37  Queen  
  29  2:45  Drone  
  29  2:47  Drone x2  
  32  2:54  Drone  
  33  3:05  Overlord  
  33  3:06  Drone x2  
  33  3:11  Extractor  
  33  3:12  Lair  
  34  3:18  Overlord  
  34  3:30  Drone x2  
  35  3:49  Drone x3  
  35  3:50  Drone x2  
  40  4:02  Evolution Chamber  
  39  4:04  Drone x2  
  39  4:06  Drone x2  
  43  4:12  Spine Crawler  
  42  4:18  Zergling x4  
  44  4:28  Overlord x2  
  44  4:32  Drone, Extractor  
  44  4:42  Evolution Chamber  
  44  4:43  Hatchery  
  44  4:44  Overlord x2  
  42  4:48  Drone x2  
  42  4:51  Zerg Missile Weapons Level 1  
  44  4:55  Hydralisk Den  
  44  4:57  Drone  
  44  5:09  Drone  
  45  5:16  Overlord x2  
  45  5:31  Hydralisk  
  45  5:32  Hydralisk x6  
  45  5:33  Hydralisk  
  61  5:36  Muscular Augments  
  61  5:39  Drone x2  
  63  5:47  Spore Crawler  
  63  5:49  Drone  
  61  6:05  Spine Crawler  
  61  6:06  Hydralisk x5, Spine Crawler  
  61  6:30  Hydralisk x5  
  61  6:31  Hydralisk  
  73  6:35  Spine Crawler  
  73  6:38  Hydralisk  
Tags
 
Add a new tag
Caveats
  • Supply blocks, unpowered buildings, or Contaminate may cause inaccurate times.
  • Supply counts are checked every 10 seconds.